 Dungeon Crawl Stone Soup version 0.30-b1-2-g02819fbbbe (webtiles) character file.

Game seed: 175207639676842549

49 sanka the Trooper (level 3, -1/23 HPs)
             Began as a Tengu Hexslinger on May 18, 2023.
             Succumbed to an adder's poison
             ... on level 2 of the Dungeon.
             The game lasted 00:01:58 (1480 turns).

sanka the Trooper (Tengu Hexslinger)                Turns: 1480, Time: 00:01:58

Health: -1/23      AC:  2    Str: 10    XL:     3   Next: 77%
Magic:  5/5        EV: 12    Int: 15    God:
Gold:   92         SH:  0    Dex: 14    Spells: 3/4 levels left

rFire   . . .        j - +0 arbalest
rCold   . . .        (shield currently unavailable)
rNeg    . . .        c - +0 robe
rPois   .            (helmet restricted)
rElec   .            (no cloak)
rCorr   .            (no gloves)
SInv    .            (boots unavailable)
Will    .....        (no amulet)
Stlth   +            (no ring)
HPRegen 0.23/turn    (no ring)
MPRegen 0.09/turn

%: no passive effects
@: lethally poisoned (-1 -> -8)
A: beak, talons 3
a: no special abilities


You were on level 2 of the Dungeon.
You visited 1 branch of the dungeon, and saw 3 of its levels.

You collected 92 gold pieces.

Inventory:

Hand Weapons
 a - a +1 sling
 j - a +0 arbalest (weapon)
Armour
 c - a +0 robe (worn)
Jewellery
 g - a ring of poison resistance
Scrolls
 b - a scroll of poison {!r}
 e - a scroll of teleportation {unknown}
 h - 2 scrolls of blinking {unknown}
 i - a scroll of immolation {unknown}
 l - a scroll of fear {unknown}
 m - a scroll of vulnerability {unknown}
Potions
 d - 3 potions of invisibility {unknown}
 f - 2 potions of degeneration {unknown}
 k - a potion of lignification {unknown}


   Skills:
 + Level 3.5 Fighting
 - Level 2.1 Ranged Weapons
 - Level 2.1 Dodging
 - Level 1.0 Spellcasting
 - Level 2.1 Hexes


You had 3 spell levels left.
You knew the following spells:

 Your Spells              Type           Power      Damage    Failure   Level
a - Slow                  Hex            28%        N/A       10%         1

Your spell library contained the following spells:

 Spells                   Type           Power      Damage    Failure   Level
 Apportation              Tloc           0%         N/A       24%         1
 Necrotise                Necr           0%         1d4       24%         1
 Summon Small Mammal      Summ           0%         N/A       24%         1
 Inner Flame              Hex/Fire       4%         N/A       43%         3
 Portal Projectile        Hex/Tloc       8%         N/A       43%         3
 Cause Fear               Hex            3%         N/A       69%         4


Dungeon Overview and Level Annotations

Branches:
Dungeon (3/15)

Altars:


Innate Abilities, Weirdness & Mutations

You have a beak for a mouth.
You have claws for feet.


Message History

The goblin hits you but does no damage. The goblin closely misses you.
You shoot a bolt. The bolt hits the goblin!
You kill the goblin!
The endoplasm freezes you.
You are frozen.
You shoot a bolt. The bolt hits the endoplasm!
You kill the endoplasm!
No target in view!
HP restored.
You see here a +0 dagger.
You see here a hobgoblin corpse.
Found a leather armour.
You see here a +0 leather armour.
An adder comes into view.
The adder hisses angrily.
You shoot a bolt. The bolt closely misses the adder.
You shoot a bolt. The bolt hits the adder.
The adder is moderately wounded.
You shoot a bolt. The bolt misses the adder.
The adder bites you.
You are poisoned.
The adder poisons you! The adder bites you.
You are more poisoned.
The adder poisons you! The adder bites you.
You shoot a bolt. The bolt hits the adder!
The adder is severely wounded.
You feel very sick. The adder bites you. The adder closely misses you.
You are too injured to fight recklessly!
You are too injured to fight recklessly!
You are too injured to fight recklessly!
Unknown command.
You shoot a bolt. The bolt misses the adder.
* * * LOW HITPOINT WARNING * * *
You feel very sick. The adder bites you.
* * * LOW HITPOINT WARNING * * *
You are more poisoned.
The adder poisons you! The adder closely misses you.
You shoot a bolt. The bolt closely misses the adder.
You die...

### #.#### #.....
#.#### #.#
###################.#
......S@.[..........#
.....#############..#
... #..# . #..# #..#
####


You could see an adder.

Vanquished Creatures
  An adder (D:2)
  6 bats
  An endoplasm (D:2)
  2 giant cockroaches
  4 goblins
  5 hobgoblins
  7 jackals
  3 ball pythons (D:1)
  A frilled lizard (D:1)
  4 rats (D:1)
34 creatures vanquished.

Vanquished Creatures (others)
  4 plants
4 creatures vanquished.

Grand Total: 38 creatures vanquished

Notes
Turn   | Place    | Note
-------+----------+-------------------------------------------
     0 | D:1      | sanka the Tengu Hexslinger began the quest for the Orb.
     0 | D:1      | Reached XP level 1. HP: 12/12 MP: 3/3
   132 | D:1      | Reached skill level 2 in Fighting
   132 | D:1      | Reached XP level 2. HP: 17/17 MP: 4/4
   532 | D:1      | Reached XP level 3. HP: 22/22 MP: 5/5
   622 | D:1      | Reached skill level 3 in Fighting
   817 | D:2      | Found a faded altar of an unknown god.
  1009 | D:2      | You fall into a shaft and drop 1 floor!
  1480 | D:2      | Succumbed to an adder's poison

Illustrated notes

Levels and vault maps discovered:
D:1:      dpeg_arrival_line_fractal, layout_basic, serial_bayou_pond_e
D:2:      layout_basic, shapermc_ecumenical_altar_mp_ritualfount
D:3:      layout_basic, uniq_crazy_yiuf_cottage

Skill      XL: |  1  2  3 |
---------------+----------+-----
Fighting       | 2 3 |  3.5
Ranged Weapons | |  2.1
Dodging        | |  2.1
Spellcasting   | |  1.0
Hexes          | |  2.1

Action                     || total
---------------------------++-------
   Fire: Sling             ||    52
         Arbalest          ||    43
 Armour: Robe              ||    11
  Dodge: Dodged            ||    51
